 Dungeon Crawl Stone Soup version 0.27.0-1-g7a089689b8 (webtiles) character file.

Game seed: 2467806767251398950

3886 RepoMan the Zephyrmancer (level 10, -1/44 HPs)
             Began as a Vine Stalker Air Elementalist on July 30, 2021.
             Was an Initiate of Sif Muna.
             Killed from afar by Harold (5 damage)
             ... with a harpoon shot
             ... on level 7 of the Dungeon on July 31, 2021.
             The game lasted 01:06:59 (8769 turns).

RepoMan the Zephyrmancer (VSAE)                     Turns: 8769, Time: 01:07:00

Health: -1/44      AC:  5    Str: 11    XL:     10   Next: 19%
Magic:  0/29       EV: 14    Int: 18    God:    Sif Muna [......]
Gold:   476        SH:  5    Dex: 15    Spells: 7/21 levels left

rFire    . . .     SeeInvis .   o - +2 dagger (holy)
rCold    . . .     Faith    .   q - +0 buckler
rNeg     . . .     Spirit   +   a - +0 robe
rPois    .         Reflect  .   (no helmet)
rElec    .         Harm     .   B - +0 cloak
rCorr    .         Rampage  .   e - +0 pair of gloves
Will     ++...                  f - +0 pair of boots
Stlth    ++........             g - amulet of regeneration
HPRegen  2.14/turn              j - ring of magical power
MPRegen  0.21/turn              m - ring of willpower

@: swift, very quick
A: fangs 3, regeneration 1, magic shield, antimagic bite, no potion heal 2
a: Renounce Religion


You were on level 7 of the Dungeon.
You worshipped Sif Muna.
Sif Muna was noncommittal.
You visited 2 branches of the dungeon, and saw 8 of its levels.

You collected 476 gold pieces.

Inventory:

Hand Weapons
 o - a +2 dagger of holy wrath (weapon)
 p - a +0 hand axe of electrocution
 w - a +2 vampiric hand axe
 G - a +2 whip of electrocution
Armour
 a - a +0 robe (worn)
 e - a +0 pair of gloves (worn)
 f - a +0 pair of boots (worn)
 q - a +0 buckler (worn)
 B - a +0 cloak (worn)
Jewellery
 g - an amulet of regeneration (around neck)
 j - a ring of magical power (left hand)
 m - a ring of willpower (right hand)
 A - a ring of ice
 F - an amulet of faith
Wands
 l - a wand of paralysis (5)
 u - a wand of iceblast (5)
Scrolls
 b - 9 scrolls of identify {unknown}
 c - 4 scrolls of blinking {unknown}
 i - a scroll of vulnerability {unknown}
 n - a scroll of noise {unknown}
 s - a scroll of enchant weapon {unknown}
 x - a scroll of torment {unknown}
 y - a scroll of amnesia {unknown}
 z - a scroll of enchant armour {unknown}
 C - a scroll of teleportation {unknown}
 E - a scroll of summoning {unknown}
 H - 2 scrolls of brand weapon {unknown}
Potions
 d - 2 potions of heal wounds {unknown}
 h - 2 potions of attraction {unknown}
 k - a potion of mutation {unknown}
 r - 2 potions of lignification {unknown}
 t - 2 potions of curing {unknown}
 v - a potion of haste {unknown}
 D - 2 potions of cancellation {unknown}


   Skills:
 + Level 5.3 Dodging
 - Level 2.4 Stealth
 - Level 4.0 Shields
 + Level 6.4 Spellcasting
 - Level 6.0 Conjurations
 * Level 9.3 Air Magic
 + Level 0.3 Invocations


You had 7 spell levels left.
You knew the following spells:

 Your Spells              Type           Power      Damage    Failure   Level
a - Airstrike             Air            19%        N/A       2%          4
c - Corpse Rot            Necr/Air       N/A        N/A       2%          2
d - Static Discharge      Conj/Air       33%        N/A       1%          2
p - Poisonous Vapours     Pois/Air       44%        N/A       2%          2
s - Swiftness             Air            39%        N/A       1%          3
z - Shock                 Conj/Air       100%       1d9       1%          1

Your spell library contained the following spells:

 Spells                   Type           Power      Damage    Failure   Level
 Dazzling Flash           Conj/Hex       32%        N/A       10%         3
 Animate Skeleton         Necr           10%        N/A       12%         1
 Pain                     Necr           20%        1d5       12%         1
 Slow                     Hex            5%         N/A       17%         2
 Iskenderun's Mystic Bla  Conj/Tloc      16%        2d5       32%         4
 Sticky Flame             Conj/Fire      16%        2d4       32%         4
 Confusing Touch          Hex            5%         N/A       34%         3
 Vampiric Draining        Necr           2%         2d6       34%         3
 Freezing Cloud           Conj/Ice/Air   12%        6-21      36%         5
 Dispel Undead            Necr           5%         3d7       75%         4
 Olgreb's Toxic Radiance  Pois           5%         N/A       75%         4
 Starburst                Conj/Fire      8%         8x6d4     99%         6
 Ozocubu's Refrigeration  Ice            2%         4d5       100%        7
 Ignition                 Fire           2%         3d3       100%        8


Dungeon Overview and Level Annotations

Branches:
Dungeon (7/15)             Temple (1/1) D:7

Altars:
Ashenzari
Cheibriados
Dithmenos
Fedhas
Hepliaklqana
Kikubaaqudgha
Makhleb
Nemelex Xobeh
Okawaru
Sif Muna
Trog
Uskayaw
Vehumet
Wu Jian
Xom
Zin

Annotations:
D:7 Harold


Innate Abilities, Weirdness & Mutations

You have razor-sharp teeth.
Your natural rate of healing is unusually fast.
When hurt, damage is shared between your health and your magic reserves.
Your bite disrupts and absorbs the magic of your enemies.
Potions cannot restore your health.


Message History

You struggle against the net.
You struggle against the net.
You shred the net and break free!
A throwing net appears from out of thin air!
The throwing net hits you.
You become entangled in the net!
Okay, then.
Aiming: Paralyse
Press: ? - help, Shift-Dir - straight line Nothing appears to happen.
Aiming: Iceblast
Press: ? - help, Shift-Dir - straight line The mass of ice explodes!
The iceblast engulfs something!
You hear a zap.
A bolt of acid appears from out of thin air!
The bolt of acid hits you!
You are splashed with acid!
You struggle against the net.
You struggle against the net.
You hear some strange, mumbled words.
A harpoon shot appears from out of thin air!
The harpoon shot hits you.
You are yanked forward by the harpoon shot.
Okay, then.
Unknown command.
Okay, then.
Unknown command.
Something hits you!
Unknown command.
Unknown command.
Unknown command.
Casting: Shock (safe; 1% risk of failure)
Confirm with . or Enter, or press ? or * to list all spells.
You feel quick. Something hits you!
* * * LOW HITPOINT WARNING * * *
Something hits you!!
* * * LOW HITPOINT WARNING * * *
You see here a throwing net.
You hear some strange, mumbled words.
A harpoon shot appears from out of thin air!
The harpoon shot hits you.
You die...

# ## .###############
#..........(...#
.#############.# ##
########.##########
#######.........@(.{....#
........######.########.#
######### ##.......# #.#
#...####.# #.# #########..##
#.# #.#
###.......>..#####.###.#####
##...#...###.##.............#
.#.#.#.#.###.......###### #.#
.............##.##.# #.#


There were no monsters in sight!

Vanquished Creatures
  Pikel (D:7)
  Prince Ribbit (D:5)
  5 yaks
  Eustachio (D:6)
  Menkaure (D:7)
  A steam dragon (D:6)
  A water moccasin (D:5)
  An ice beast (D:6)
  4 ogres
  3 necrophages
  A centaur (D:6)
  A phantom (D:7)
  A scorpion (D:3)
  A wyvern zombie (D:5)
  A wyvern skeleton (D:6)
  A howler monkey (D:4)
  2 bullfrog zombies (D:6)
  2 centaur zombies
  3 hounds
  Crazy Yiuf (D:7)
  A bullfrog skeleton (D:6)
  2 jellies (D:6)
  5 orc priests
  A centaur skeleton (D:7)
  Jessica (D:3)
  2 orc wizards
  Ijyb (D:4)
  3 iguanas
  A scorpion zombie (D:3)
  2 howler monkey zombies
  7 gnolls (D:4)
  12 adders
  2 ufetubi
  A worm (D:2)
  4 dart slugs
  21 orcs
  5 ball pythons
  7 endoplasms
  2 giant cockroaches (D:1)
  8 goblins
  4 hobgoblins
  4 jackals (D:3)
  2 quokkas
  9 bats
  2 frilled lizards
  8 kobolds
  6 rats
156 creatures vanquished.

Notes
Turn   | Place    | Note
-------+----------+-------------------------------------------
     0 | D:1      | RepoMan the Vine Stalker Air Elementalist began the quest
                  | for the Orb.
     0 | D:1      | Reached XP level 1. HP: 9/9 MP: 4/4
   417 | D:1      | Reached XP level 2. HP: 13/13 MP: 4/6
   420 | D:1      | Learned a level 2 spell: Static Discharge
   956 | D:1      | Reached XP level 3. HP: 16/16 MP: 5/7
  1167 | D:2      | Learned a level 3 spell: Swiftness
  1621 | D:2      | Gained mutation: Your natural rate of healing is unusually
                  | fast. [Vine Stalker growth]
  1621 | D:2      | Reached XP level 4. HP: 21/21 MP: 9/9
  1700 | D:2      | Found a faded altar of an unknown god.
  2001 | D:3      | Found a shimmering blue altar of Sif Muna.
  2008 | D:3      | Noticed Jessica
  2018 | D:3      | Killed Jessica
  2019 | D:3      | Reached skill level 4 in Air Magic
  2364 | D:3      | Noticed a scorpion
  2388 | D:3      | Killed a scorpion
  2389 | D:3      | Reached XP level 5. HP: 24/24 MP: 10/10
  2447 | D:3      | Found a sparkling altar of Nemelex Xobeh.
  2790 | D:3      | Reached XP level 6. HP: 28/28 MP: 11/11
  3311 | D:4      | Found a broken altar of Ashenzari.
  3393 | D:4      | Reached skill level 5 in Air Magic
  3534 | D:4      | Noticed Ijyb
  3549 | D:4      | Killed Ijyb
  3844 | D:4      | Reached XP level 7. HP: 32/32 MP: 13/13
  3977 | D:5      | Entered Level 5 of the Dungeon
  4522 | D:5      | Reached skill level 1 in Shields
  4522 | D:5      | Reached skill level 6 in Air Magic
  4613 | D:5      | Gained mutation: You have razor-sharp teeth. [Vine Stalker
                  | growth]
  4613 | D:5      | Reached XP level 8. HP: 36/36 MP: 12/15
  5029 | D:5      | Noticed Prince Ribbit
  5051 | D:5      | Killed Prince Ribbit
  5171 | D:5      | Found an ancient bone altar of Kikubaaqudgha.
  5215 | D:5      | Reached skill level 7 in Air Magic
  5272 | D:5      | Noticed a yak
  5284 | D:5      | Learned a level 2 spell: Corpse Rot
  5287 | D:5      | Learned a level 2 spell: Poisonous Vapours
  5296 | D:5      | Noticed a yak
  5296 | D:5      | Noticed a yak
  5296 | D:5      | Noticed a yak
  5296 | D:5      | Noticed a yak
  5327 | D:4      | Killed a yak
  5328 | D:4      | Reached skill level 5 in Spellcasting
  5629 | D:5      | Killed a yak
  5630 | D:5      | Reached XP level 9. HP: 31/39 MP: 2/17
  5901 | D:5      | Reached skill level 5 in Conjurations
  5994 | D:5      | Learned a level 4 spell: Airstrike
  6108 | D:6      | Reached skill level 8 in Air Magic
  6840 | D:6      | Found an iron altar of Okawaru.
  7191 | D:6      | Noticed Eustachio
  7206 | D:6      | Killed Eustachio
  7326 | D:7      | Reached skill level 5 in Dodging
  7408 | D:7      | Noticed Pikel
  7418 | D:7      | Killed Pikel
  7419 | D:7      | Reached skill level 9 in Air Magic
  7419 | D:7      | Reached XP level 10. HP: 44/44 MP: 14/20
  7558 | D:7      | Noticed Harold
  7738 | D:7      | Found a staircase to the Ecumenical Temple.
  7757 | Temple   | Entered the Ecumenical Temple
  7979 | D:3      | Became a worshipper of Sif Muna the Loreminder
  8101 | D:7      | Found a runed translucent door.
  8102 | D:7      | Noticed Crazy Yiuf
  8121 | D:7      | Killed Crazy Yiuf
  8296 | D:7      | Noticed Menkaure
  8299 | D:7      | Killed Menkaure
  8769 | D:7      | Killed from afar by Harold

Illustrated notes

Levels and vault maps discovered:
D:1:      co_arrival_square_in_a_square_in_a_square, layout_rooms
D:2:      layout_rooms, shapermc_ecumenical_altar_mp_highgroup, glass_columns_b,
          kennysheep_potato
D:3:      layout_loops_ring, mainiacjoe_overflow_cross_hatched,
          mainiacjoe_overflow_small_starburst, uniq_jessica
D:4:      layout_rooms, nicolae_ashenzari_skybound, grunt_decor_clamped,
          uniq_ijyb
D:5:      minmay_recursive_quarters, layout_loops_ring,
          mainiacjoe_overflow_alcove_1, minmay_misc_feat_encased,
          uniq_prince_ribbit1
D:6:      layout_loops_ring, kennysheep_okawaru_gauntlet, uniq_eustachio
D:7:      layout_loops_ring, minmay_temple_entry_water_ring, uniq_pikel,
          uniq_menkaure, uniq_crazy_yiuf_cottage, uniq_harold
Temple:   minmay_temple_curvy_loop

Skill      XL: |  1  2  3  4  5  6  7  8  9 10 |
---------------+-------------------------------+-----
Dodging        | 2 3 4 5 |  5.3
Conjurations   | 2 3 4 5 6 |  6.0
Air Magic      | 4 5 6 7 9 |  9.3
Spellcasting   | 3 4 5 6 |  6.4
Shields        | 1 3 4 |  4.0
Stealth        | |  2.4
Invocations    | |  0.3

Action                   |  1- 3 |  4- 6 |  7- 9 | 10-12 || total
-------------------------+-------+-------+-------+-------++-------
Melee: Mace              |    13 |     1 |       |       ||    14
       Bite              |     2 |     6 |     5 |       ||    13
       Dagger            |       |    11 |    19 |       ||    30
 Cast: Shock             |    51 |   128 |   171 |     9 ||   359
       Poisonous Vapours |       |       |    30 |     6 ||    36
       Static Discharge  |       |       |    16 |     4 ||    20
       Swiftness         |       |       |     2 |     2 ||     4
       Airstrike         |       |       |       |     7 ||     7
Evoke: Wand              |       |       |     2 |     2 ||     4
 Stab: Sleeping          |       |       |     3 |       ||     3
Armor: Robe              |     7 |     5 |    24 |     2 ||    38
Dodge: Dodged            |    11 |    38 |    64 |     5 ||   118
Block: Buckler           |       |       |    18 |     2 ||    20
